 Dungeon Crawl Stone Soup version 0.28.0-53-g5a82cb258f (webtiles) character file.

Game seed: 18429026300666061979

478 pkoi the Insei (level 6, -3/72 HPs)
             Began as a Demigod Gladiator on June 6, 2022.
             Slain by a water moccasin (7 damage)
             ... on level 5 of the Dungeon.
             The game lasted 00:06:13 (6665 turns).

pkoi the Insei (Demigod Gladiator)                  Turns: 6665, Time: 00:06:13

Health: -3/72      AC:  4    Str: 23    XL:     6   Next: 55%
Magic:  8/8        EV: 12    Int: 18    God:
Gold:   156        SH:  0    Dex: 17    Spells: 5/5 levels left

rFire   . . .      SeeInvis .     - Unarmed
rCold   . . .      Faith    .   (no shield)
rNeg    . . .      Spirit   .   a - +0 leather armour
rPois   .          Reflect  .   p - +0 helmet
rElec   .          Harm     .   (no cloak)
rCorr   .          Rampage  .   (no gloves)
Will    .....                   (no boots)
Stlth   ..........              o - amulet of the acrobat
HPRegen 0.22/turn               e - +6 ring of strength
MPRegen 0.11/turn               (no ring)

@: berserking, lethally poisoned (-3 -> -8), flying, very quick
A: high MP 1, forlorn, divine attributes, agile 1, strong 1, MP-powered wands
a: no special abilities


You were on level 5 of the Dungeon.
You visited 1 branch of the dungeon, and saw 5 of its levels.

You collected 156 gold pieces.

Inventory:

Hand Weapons
 b - a +3 vorpal hunting sling
 i - a +0 dagger
 j - a +0 spear
Missiles
 c - 3 throwing nets (quivered)
 h - 2 poisoned darts
 q - 93 stones
 r - 26 sling bullets
Armour
 a - a +0 leather armour (worn)
 p - a +0 helmet (worn)
Jewellery
 e - a +6 ring of strength (left hand)
 o - an amulet of the acrobat (around neck)
Scrolls
 g - 2 scrolls of teleportation
 u - a scroll of enchant weapon
Potions
 d - a potion of cancellation
 f - a potion of invisibility
 k - 2 potions of haste
 m - a potion of brilliance
 n - 3 potions of mutation


   Skills:
 - Level 1.7 Fighting
 - Level 1.7 Throwing
 - Level 2.6 Dodging
 + Level 7.2 Unarmed Combat


You had 5 spell levels left.
You didn't know any spells.
Your spell library contained the following spells:

 Spells                   Type           Power      Damage    Failure   Level
 Static Discharge         Conj/Air       0%         N/A       36%         2
 Lightning Bolt           Conj/Air       0%         1d11      100%        5
 Maxwell's Capacitive Co  Air            0%         ∞         100%        8


Dungeon Overview and Level Annotations

Branches:
Dungeon (5/15)             Temple (0/1) D:4

Shops:
D:2 [   D:3 !   D:4 [


Innate Abilities, Weirdness & Mutations

You have an increased reservoir of magic. (+10% MP)
You shall have no god before yourself.
Your divine heritage dramatically boosts your attributes as you level up.
You are agile. (Dex +2)
Your muscles are strong. (Str +2)
You expend magic power (3 MP) to strengthen your wands.


Message History

* * * LOW HITPOINT WARNING * * *
You miss the water moccasin.
The water moccasin is moderately wounded.
The water moccasin bites you!
* * * LOW HITPOINT WARNING * * *
You barely miss the water moccasin.
The water moccasin is moderately wounded.
The water moccasin bites you!
* * * LOW HITPOINT WARNING * * *
You barely miss the water moccasin.
The water moccasin is moderately wounded.
The water moccasin barely misses you.
You closely miss the water moccasin.
The water moccasin is moderately wounded.
The water moccasin bites you.
* * * LOW HITPOINT WARNING * * *
You hit the water moccasin.
The water moccasin is heavily wounded.
The water moccasin bites you.
* * * LOW HITPOINT WARNING * * *
You are lethally poisoned!
The water moccasin poisons you!
Unknown command.
It was a potion of flight.
You feel very buoyant.
You fly up into the air.
* * * LOW HITPOINT WARNING * * *
You feel very sick. The water moccasin barely misses you.
The water moccasin closely misses you.
It was a potion of mutation.
You feel extremely strange.
You feel your magical essence link to the dungeon's wands.
You feel stronger.
You feel agile.
* * * LOW HITPOINT WARNING * * *
You feel sick. The water moccasin closely misses you.
It was a potion of berserk rage.
A red film seems to cover your vision as you go berserk!
You feel yourself moving faster!
You feel mighty!
* * * LOW HITPOINT WARNING * * *
You feel sick. The water moccasin bites you!
You die...

#(.###
#.....#
####...#.#
......#.#
#
.......###
.#
.O.#....
...
#S##..#
..#
#@##..# ..
#.....#.#
#....<..#
#....#..#
#.......#
#.#####.#
#.# ..#
... #.#
..## .#


You could see a water moccasin and an ogre.

Vanquished Creatures
  An ogre (D:4)
  A scorpion (D:4)
  A water moccasin skeleton (D:4)
  A hound (D:4)
  A jelly (D:4)
  An iguana (D:4)
  A hound skeleton (D:4)
  A howler monkey skeleton (D:4)
  7 gnolls
  4 adders
  4 orcs
  8 endoplasms
  3 giant cockroaches
  10 hobgoblins
  8 quokkas
  7 ball pythons
  A bat (D:3)
  3 frilled lizards
  5 goblins
  A kobold (D:3)
  6 rats
75 creatures vanquished.

Vanquished Creatures (others)
  A worm (D:3)
  A ball python (D:3)
  A frilled lizard (D:3)
  2 plants (D:4)
5 creatures vanquished.

Grand Total: 80 creatures vanquished

Notes
Turn   | Place    | Note
-------+----------+-------------------------------------------
     0 | D:1      | pkoi the Demigod Gladiator began the quest for the Orb.
     0 | D:1      | Reached XP level 1. HP: 17/17 MP: 3/3
   230 | D:1      | Reached skill level 3 in Unarmed Combat
  1017 | D:1      | Reached XP level 2. HP: 23/24 MP: 4/4
  2546 | D:2      | Reached skill level 4 in Unarmed Combat
  2546 | D:2      | Reached XP level 3. HP: 2/29 MP: 5/5
  3226 | D:2      | Found Zaech's Armour Shoppe.
  3916 | D:3      | Found Guidotoe's Distillery.
  4171 | D:3      | Reached XP level 4. HP: 32/36 MP: 6/6
  4919 | D:4      | Reached skill level 5 in Unarmed Combat
  4945 | D:4      | Reached XP level 5. HP: 41/41 MP: 7/7
  5010 | D:4      | Noticed a two-headed ogre
  5013 | D:4      | Reached skill level 6 in Unarmed Combat
  5422 | D:4      | Reached XP level 6. HP: 41/48 MP: 8/8
  5520 | D:4      | Found Potuh's Armour Boutique.
  5972 | D:4      | Found a staircase to the Ecumenical Temple.
  5995 | D:4      | Reached skill level 7 in Unarmed Combat
  6641 | D:5      | Entered Level 5 of the Dungeon
  6648 | D:5      | Noticed a water moccasin
  6664 | D:5      | Gained mutation: You expend magic power (3 MP) to
                  | strengthen your wands. [potion of mutation]
  6664 | D:5      | Gained mutation: Your muscles are strong. (Str +2) [potion
                  | of mutation]
  6664 | D:5      | Gained mutation: You are agile. (Dex +2) [potion of
                  | mutation]
  6665 | D:5      | Slain by a water moccasin

Illustrated notes

Levels and vault maps discovered:
D:1:      dpeg_arrival_lava_temple_mockup, layout_basic, serial_bayou_lagoon_a,
          minmay_misc_feat_encased
D:2:      minmay_wonky_spiral, layout_rooms, shapermc_ecumenical_altar_venn,
          serial_shops, shop
D:3:      layout_basic, xom_confusion_cloud, serial_glass, glass_columns_b,
          glass_columns_b, glass_columns_a, glass_columns_c, glass_columns_c,
          glass_columns_a, glass_columns_b, glass_columns_a, serial_shops,
          shop_fountains
D:4:      minmay_chambers_of_fours, layout_basic, temple_green, serial_shops,
          shop, chequers_serial_rivers_small_3, nicolae_zen_rock_garden,
          serial_bayou_pond_b, item_on_display_a
D:5:      layout_basic

Skill      XL: |  1  2  3  4  5  6 |
---------------+-------------------+-----
Unarmed Combat | 3 4 5 6 7 |  7.2
Fighting       | |  1.7
Throwing       | |  1.7
Dodging        | |  2.6

Action                   |  1- 3 |  4- 6 || total
-------------------------+-------+-------++-------
Melee: Unarmed           |   149 |     9 ||   158
       Punch             |     6 |       ||     6
 Fire: Hunting sling     |    38 |   124 ||   162
  Use: Potion            |     3 |     4 ||     7
       Scroll            |     1 |     3 ||     4
 Stab: Sleeping          |     1 |       ||     1
       Invisible         |     1 |       ||     1
Armor: Leather armour    |    35 |    12 ||    47
Dodge: Dodged            |   116 |    52 ||   168
